 Dungeon Crawl Stone Soup version 0.31.0-32-g396128a36d (webtiles) character file.

Game seed: 16921867627061432275

1352 ChadusMaximus the Summoner (level 8, -6/46 HPs)
             Began as a Barachi Summoner on Mar 12, 2024.
             Was a Follower of Hepliaklqana.
             Mangled by an ogre
             ... wielding a +0 giant club
              (15 damage)
             ... on level 5 of the Dungeon.
             The game lasted 00:06:43 (6763 turns).

ChadusMaximus the Summoner (Barachi Summoner)       Turns: 6763, Time: 00:06:44

Health: -6/46      AC:  9    Str:  9    XL:     8   Next: 63%
Magic:  22/26      EV: 10    Int: 18    God:    Hepliaklqana [*.....]
Gold:   261        SH:  5    Dex: 13    Spells: 13/19 levels left

rFire   . . .        s - +2 war axe (venom)
rCold   . . .        (no shield)
rNeg    . . .        p - +3 ring mail
rPois   +            r - +0 helmet
rElec   .            m - scarf {shadows}
rCorr   .            (no gloves)
SInv    .            (no boots)
Will    .....        o - amulet of reflection
Stlth   +            k - ring of poison resistance
HPRegen 0.27/turn    l - ring of magical power
MPRegen 0.20/turn

%: reflection
@: inugami summoned, slow
A: reduced essence, amphibious, slowness 1, strong legs 1, +LOS
a: Hop, Renounce Religion, Recall Ancestor, Ancestor Identity


You were on level 5 of the Dungeon.
You worshipped Hepliaklqana.
Hepliaklqana was aware of your devotion.
You visited 2 branches of the dungeon, and saw 6 of its levels.

You collected 261 gold pieces.

Inventory:

Hand Weapons
 e - a +0 short sword
 s - a +2 war axe of venom (weapon)
Armour
 a - a +0 robe
 m - a scarf of shadows (worn)
 p - a +3 ring mail (worn)
 r - a +0 helmet (worn)
Jewellery
 i - a ring of resist corrosion
 k - a ring of poison resistance (left hand)
 l - a ring of magical power (right hand)
 o - an amulet of reflection (around neck)
Wands
 u - a wand of flame (18)
 v - a wand of iceblast (13)
 A - a wand of charming (5)
 B - a wand of polymorph (6)
Scrolls
 g - 3 scrolls of poison {unknown}
 j - 2 scrolls of teleportation {unknown}
 n - a scroll of identify {unknown}
 w - a scroll of torment {unknown}
 x - a scroll of amnesia {unknown}
 y - a scroll of blinking {unknown}
 z - a scroll of fog {unknown}
Potions
 b - a potion of magic
 c - a potion of enlightenment
 d - 3 potions of lignification {unknown}
 f - a potion of invisibility {unknown}
 h - a potion of degeneration {unknown}
 q - 2 potions of heal wounds {unknown}
 t - 2 potions of cancellation {unknown}


   Skills:
 + Level 3.3 Armour
 - Level 2.1 Dodging
 - Level 1.7 Stealth
 + Level 6.0 Spellcasting
 * Level 10.7 Summonings


You had 13 spell levels left.
You knew the following spells:

 Your Spells              Type           Power      Damage    Failure   Level
a - Summon Small Mammal   Summ           100%       N/A       1%          1
b - Call Canine Familiar  Summ           44%        N/A       1%          3
c - Call Imp              Summ           88%        N/A       1%          2

Your spell library contained the following spells:

 Spells                   Type           Power      Damage    Failure   Level
 Summon Blazeheart Golem  Fire/Summ      24%        N/A       34%         4
 Summon Lightning Spire   Summ/Air       24%        N/A       34%         4
 Lesser Beckoning         Tloc           10%        N/A       43%         2
 Gell's Gravitas          Tloc           5%         N/A       67%         3
 Teleport Other           Tloc           5%         N/A       67%         3


Dungeon Overview and Level Annotations

Branches:
Dungeon (5/15)             Temple (1/1) D:4

Altars:
Ashenzari
Cheibriados
Dithmenos
Elyvilon
Fedhas
Gozag
Hepliaklqana
Makhleb
Nemelex Xobeh
Qazlal
Ru
Sif Muna
Trog
Uskayaw
Vehumet
Xom
Zin
The Shining One

Shops:
D:4 (

Annotations:
D:4 3 runed translucent doors, purpleHaze's ghost, novice HuFE


Innate Abilities, Weirdness & Mutations

Your life essence is reduced to manifest your ancestor. (-10% HP)
You are amphibious.
You cover ground slowly.
You can hop short distances.
You have an extended range of vision and can be seen from far away.


Message History

The bullfrog skeleton hits you.
A hound zombie comes into view.
The bullfrog skeleton hits you.
There are monsters nearby!
You hit the bullfrog skeleton.
The bullfrog skeleton is moderately damaged.
You block the bullfrog skeleton's attack.
The bullfrog skeleton hits you but does no damage.
There are monsters nearby!
You hit the bullfrog skeleton.
The bullfrog skeleton is heavily damaged.
The bullfrog skeleton hits you but does no damage.
The bullfrog skeleton barely misses you.
You slash the bullfrog skeleton!
The bullfrog skeleton is almost destroyed.
You block the bullfrog skeleton's attack.
Unknown command.
You barely miss the ogre. The ogre hits you with a +0 giant club!
Unknown command.
You hit the ogre.
The ogre is poisoned.
The ogre is lightly wounded.
The ogre hits you with a +0 giant club!!
* * * LOW HITPOINT WARNING * * *
You are too injured to fight recklessly!
Unknown command.
Unknown command.
You swap places.
Xiloxoch hits the ogre.
The ogre hits Xiloxoch with a +0 giant club!!
Xiloxoch hits the ogre.
Casting: Call Canine Familiar (safe; 1% risk of failure)
Confirm with . or Enter, or press ? or * to list all spells.
You call for your canine familiar and it appears with a howl!
Xiloxoch completely misses the ogre.
The ogre hits Xiloxoch with a +0 giant club!
Xiloxoch is destroyed!
Casting: Call Canine Familiar (safe; 1% risk of failure)
Confirm with . or Enter, or press ? or * to list all spells.
A tiny devil pulls itself out of the air.
The ogre hits you with a +0 giant club!
You die...

###########
..........#
.########.# .#### #†#
..#.# #.# ..#.# #.#
#########
#.#.#####.###.5h@OZZ#
#.#.......#....####.#
#.#.#######....# ..#
..#.# #....# .P..
..#.# #....# ~~...
..#.#### #....#
~~..... .......#
#....#..~~......
..#.####
#....#P~.~~....#
###.# #....#.P~P..


You could see an ogre (poisoned, ally target), a hound zombie, a bullfrog
skeleton, a friendly cerulean imp (summoned) and a friendly inugami (summoned).

Vanquished Creatures
  A black bear (D:5)
  A bullfrog (D:4)
  3 scorpions (D:4)
  A water moccasin skeleton (D:5)
  2 bombardier beetles (D:4)
  A bullfrog zombie (D:5)
  A bullfrog skeleton (D:5)
  A hound (D:5)
  2 iguanas
  An orc wizard (D:5)
  3 hound zombies (D:5)
  2 adders
  A white imp (D:5)
  5 orcs
  3 endoplasms
  5 giant cockroaches
  6 goblins
  7 hobgoblins
  5 jackals
  2 ball pythons
  5 bats
  2 frilled lizards
  6 kobolds
  5 rats
71 creatures vanquished.

Vanquished Creatures (collateral kills)
  A water moccasin (D:5)
  An ogre (D:3)
  A phantom (D:5)
  3 bombardier beetles
  A sleepcap (D:4)
  Natasha (thrice) (D:2)
  An iguana (D:4)
  Robin (D:3)
  3 gnolls (D:5)
  5 adders
  A dart slug (D:2)
  3 orcs (D:4)
  2 ball pythons
  An endoplasm (D:1)
  A giant cockroach (D:2)
  3 goblins (D:3)
  3 hobgoblins
  2 bats (D:2)
  A kobold (D:1)
37 creatures vanquished.

Vanquished Creatures (others)
  2 ancestors (D:5)
2 creatures vanquished.

Grand Total: 110 creatures vanquished

Notes
Turn   | Place    | Note
-------+----------+-------------------------------------------
     0 | D:1      | ChadusMaximus the Barachi Summoner began the quest for the
                  | Orb.
     0 | D:1      | Reached XP level 1. HP: 13/13 MP: 3/3
   255 | D:1      | Reached skill level 5 in Summonings
   820 | D:1      | Reached XP level 2. HP: 13/19 MP: 0/5
  1381 | D:2      | You fall into a shaft and drop 1 floor!
  1458 | D:3      | Reached XP level 3. HP: 15/24 MP: 2/7
  1467 | D:3      | Learned a level 3 spell: Call Canine Familiar
  1470 | D:3      | Learned a level 2 spell: Call Imp
  1918 | D:2      | Reached skill level 6 in Summonings
  2093 | D:2      | Reached XP level 4. HP: 30/30 MP: 8/8
  2753 | D:2      | Noticed Natasha
  2762 | D:2      | Killed Natasha
  3218 | D:2      | Noticed Natasha
  3230 | D:2      | Killed Natasha
  3231 | D:2      | Reached XP level 5. HP: 7/35 MP: 10/10
  3519 | D:2      | Noticed Natasha
  3541 | D:2      | Killed Natasha
  3542 | D:2      | Reached skill level 7 in Summonings
  4029 | D:3      | Noticed Robin
  4042 | D:3      | Killed Robin
  4218 | D:3      | Noticed an ogre
  4230 | D:3      | Killed an ogre
  4231 | D:3      | Reached XP level 6. HP: 23/41 MP: 12/12
  4471 | D:3      | Found a faded altar of an unknown god.
  4543 | D:4      | Found a staircase to the Ecumenical Temple.
  4556 | Temple   | Entered the Ecumenical Temple
  4580 | Temple   | Became a worshipper of Hepliaklqana the Forgotten
  4650 | D:4      | Found Pali's Antique Weapon Emporium.
  4804 | D:4      | Reached skill level 8 in Summonings
  4811 | D:4      | Found a runed translucent gate.
  4812 | D:4      | Found a runed translucent gate.
  4812 | D:4      | Found a runed translucent gate.
  4818 | D:4      | Reached XP level 7. HP: 38/46 MP: 13/13
  4835 | D:4      | Noticed purpleHaze's ghost (novice HuFE)
  4845 | D:4      | Identified the +4 spear of Seuvitick {venom, rElec rPois
                  | rF+ Str+2}
  4845 | D:4      | Identified the +3 scale mail of Riwun {Int+5 Dex-4}
  5059 | D:4      | Reached skill level 5 in Spellcasting
  5059 | D:4      | Reached skill level 9 in Summonings
  5921 | D:5      | Entered Level 5 of the Dungeon
  5928 | D:5      | Reached * piety under Hepliaklqana
  5983 | D:5      | Reached skill level 1 in Armour
  6030 | D:5      | Reached XP level 8. HP: 46/46 MP: 16/16
  6191 | D:5      | Reached skill level 10 in Summonings
  6216 | D:5      | HP: 2/46 [gnoll/+0 halberd (8)]
  6763 | D:5      | Mangled by an ogre

Illustrated notes

Levels and vault maps discovered:
D:1:      dpeg_arrival_boxorama, layout_loops_corners
D:2:      layout_basic, corner_web_ring, dreamdust_princess_corridor,
          minmay_worlds_worst_comb, uniq_natasha
D:3:      layout_loops_cross, shapermc_ecumenical_altar_petra, uniq_robin
D:4:      layout_loops_corners, minmay_temple_entry_purple_smoke, serial_shops,
          shop, biasface_ghost_orc_armoury, hangedman_minor_gate_pass
D:5:      layout_basic, serial_undead, serial_undead_c, serial_undead_c,
          serial_undead_f, serial_undead_f, hangedman_abyss_or_decor_passed,
          nicolae_underground_beach
Temple:   nicolae_temple_no_exploring_needed

Skill      XL: |  1  2  3  4  5  6  7  8 |
---------------+-------------------------+-----
Summonings     | 5 6 7 8 9 10 | 10.7
Spellcasting   | 3 4 5 6 |  6.0
Armour         | 1 3 |  3.3
Dodging        | |  2.1
Stealth        | |  1.7

Action                     |  1- 3 |  4- 6 |  7- 9 || total
---------------------------+-------+-------+-------++-------
  Melee: Unarmed           |    28 |       |       ||    28
         Short sword       |    70 |   118 |       ||   188
         Punch             |     3 |     1 |       ||     4
         War axe           |       |    15 |   116 ||   131
   Cast: Summon Small Mamm |    28 |    13 |     6 ||    47
         Call Canine Famil |     2 |    10 |    11 ||    23
         Call Imp          |     1 |     9 |     9 ||    19
Ability: Hop               |       |       |     1 ||     1
    Use: Potion            |       |       |     1 ||     1
   Stab: Sleeping          |     2 |     4 |       ||     6
         Distracted        |       |     1 |     1 ||     2
 Armour: Robe              |    81 |    70 |       ||   151
         Ring mail         |       |    14 |   154 ||   168
  Dodge: Dodged            |    97 |    96 |    78 ||   271
  Block: Other             |       |     5 |    30 ||    35
